 Dungeon Crawl Stone Soup version 0.24-a0-408-gcc1054c7ca (webtiles) character file.

Game seed: 9850915452546859989

27 MisterFreud the Digger (level 3, -2/21 HPs)
             Began as an Octopode Earth Elementalist on June 5, 2019.
             Slain by a worm (5 damage)
             ... on level 2 of the Dungeon.
             The game lasted 00:03:49 (1074 turns).

MisterFreud the Digger (OpEE)                       Turns: 1074, Time: 00:03:50

Health: -2/21      AC:  1    Str:  7    XL:     3   Next: 10%
Magic:  1/7        EV: 13    Int: 18    God:
Gold:   45         SH:  0    Dex: 12    Spells: 3/7 levels left

rFire    . . .     SeeInvis .   f - -3 hunting sling (curse)
rCold    . . .     Gourm    .   (no shield)
rNeg     . . .     Faith    .   (helmet restricted)
rPois    .         Spirit   .   (no amulet)
rElec    .         Reflect  .   i - ring of wizardry
rCorr    .         Harm     .   (no ring)
MR       .....                  (no ring)
Stlth    +++.......             (no ring)
HPRegen  0.07/turn              (no ring)
MPRegen  0.10/turn              (no ring)
                                (no ring)
                                (no ring)

@: very slightly contaminated
A: almost no armour, stealthy swim, amphibious, 8 rings, constrict 8, camouflage
1, gelatinous body 1
a: no special abilities


You were on level 2 of the Dungeon.
You were hungry.

You visited 1 branch of the dungeon, and saw 2 of its levels.

You collected 45 gold pieces.

Inventory:

Hand Weapons
 f - a cursed -3 hunting sling (weapon)
Missiles
 a - 4 poisoned darts
 b - 5 stones (quivered)
Jewellery
 i - a ring of wizardry (left tentacle)
Scrolls
 d - a scroll of identify
 k - a scroll of magic mapping
Potions
 e - a potion of agility
 g - a potion of resistance {unknown}
 h - a potion of degeneration {unknown}
Comestibles
 c - 3 rations
 j - 3 chunks of flesh


   Skills:
 - Level 2.0 Dodging
 - Level 2.6 Stealth
 + Level 2.7 Spellcasting
   Level 1.0 Transmutations
 + Level 3.6 Earth Magic


You had 3 spell levels left.
You knew the following spells:

 Your Spells              Type           Power        Failure   Level  Hunger
a - Sandblast             Erth           ###...       1%          1    #......
b - Stone Arrow           Conj/Erth      #.....       10%         3    ###....

Your spell library contained the following spells:

 Spells                   Type           Power        Failure   Level  Hunger
 Passwall                 Tmut/Erth      ##......     4%          2    ##.....
 Petrify                  Tmut/Erth      ##......     26%         4    #####..
 Lee's Rapid Deconstruct  Erth           ###.......   38%         5    ######.


Dungeon Overview and Level Annotations

Branches:
Dungeon (2/15)

Altars:
Fedhas
Gozag


Innate Abilities, Weirdness & Mutations

You cannot wear most types of armour.
You are very stealthy in the water. (Stealth+)
You are amphibious.
You can wear up to eight rings at the same time.
You can use your tentacles to constrict eight enemies at once.
Your skin changes colour to match your surroundings (Stealth+).
Your rubbery body absorbs attacks. (AC +1, EV +1)


Message History

Really attack while wielding your cursed -3 hunting sling? [Y]es or [N]o only, please.
Really attack while wielding your cursed -3 hunting sling?
Okay, then.
You see here 3 stones.
b - 6 stones (gained 3)
The worm bites you!
* * * LOW HITPOINT WARNING * * *
Unknown command.
Really attack while wielding your cursed -3 hunting sling? [Y]es or [N]o only, please.
Really attack while wielding your cursed -3 hunting sling? [Y]es or [N]o only, please.
Really attack while wielding your cursed -3 hunting sling?
Okay, then.
Firing (i - inventory. (/) - cycle)
b - 6 stones (quivered)
Press: ? - help, Shift-Dir - straight line, f/p - worm
Aim: a worm (severely wounded)
You shoot a stone. The stone barely misses the worm.
The worm bites you.
You die...

####### ##@(...##
#####.w.....#
#...!.......#
..###.....(.##
#......(..#
#._..⌠.(_.#
#....[....#
....(.....######
###.............#


You could see a worm.

Vanquished Creatures
  A worm (D:2)
  3 leopard geckos (D:1)
  3 bats
  3 goblins (D:1)
  A hobgoblin (D:1)
  3 jackals (D:2)
  A frilled lizard (D:1)
  A leopard gecko skeleton (D:2)
  4 rats (D:1)
20 creatures vanquished.

Notes
Turn   | Place    | Note
-------+----------+-------------------------------------------
     0 | D:1      | MisterFreud the Octopode Earth Elementalist began the quest
                  | for the Orb.
     0 | D:1      | Reached XP level 1. HP: 11/11 MP: 3/3
   221 | D:1      | Reached XP level 2. HP: 14/17 MP: 5/5
   902 | D:2      | Reached XP level 3. HP: 16/21 MP: 1/6
   949 | D:2      | Learned a level 3 spell: Stone Arrow
   989 | D:2      | Found an opulent altar of Gozag.
   989 | D:2      | Found a blossoming altar of Fedhas.
  1074 | D:2      | Slain by a worm

Levels and vault maps discovered:
D:1:      zaba_arrival_water, layout_basic
D:2:      minmay_chambers_of_twos, layout_rooms, old_standard_altar,
          nemelex_xobeh_ov_fountains_minmay, lemuel_crystal_altar,
          grunt_temple_overflow_open, uniq_crazy_yiuf_cottage

Action                   || total
-------------------------++-------
Melee: Unarmed           ||    27
       Constrict         ||     9
       Tentacles         ||     5
 Fire: Hunting sling     ||    31
Throw: Dart              ||     2
 Cast: Sandblast         ||    14
       Stone Arrow       ||     1
  Use: Scroll            ||     3
 Stab: Sleeping          ||     5
Armor: Skin              ||     1
Dodge: Dodged            ||    32

Table legend:
 A = Non-vault XP
 B = Vault XP
 C = Vault XP percentage of total XP
 D = Non-vault monster count
 E = Vault monster count
 F = Vault count percentage of total count
                 A         B        C        D         E       F
            +---------+---------+-------+---------+---------+-------
      Total |      39 |       0 |   0.0 |      20 |       0 |   0.0
            +---------+---------+-------+---------+---------+-------
        D:1 |      26 |       0 |   0.0 |      14 |       0 |   0.0
        D:2 |      13 |       0 |   0.0 |       6 |       0 |   0.0
            +---------+---------+-------+---------+---------+-------
